AoeStats
← Stray Dog

Arabian Desert

510877806Analyzed
1v1 RM · 15h ago on Oct 2, 2026· 76m 2s· 2 players
Game mode
Random Map
Map size
Tiny (2 player)
Population
200
Speed
Normal
Resources
Standard
Victory
Conquest
Starting age
Dark Age
Ending age
Imperial Age
RankedLock teamsTeams togetherTeam positionsShared explorationLock speedFull tech treeHidden civsTurbo modeCheats
Victory
Defeat
🇵🇪 Danes · Peru
1031
+15
🇺🇸 Armenians · United States
1000
-45
Stray Dog
11:37 Feudal Age
12:55 Wheelbarrow
28:22 Loom
31:01 Horse Collar
42:49 Castle Age
46:15 Hand Cart
47:23 Scale Mail Armor
47:24 Fletching
48:27 Sanctity
48:22 Atonement
48:35 Fervor
51:13 Redemption
56:36 Heavy Plow
60:29 Padded Archer Armor
60:50 Chain Mail Armor
60:34 Bodkin Arrow
60:54 Forging
castle.franz06
10:18 Feudal Age
12:16 Loom
14:52 Castle Age
14:41 Scale Mail Armor
18:30 Squires
21:27 Double-Bit Axe
31:47 Wheelbarrow
31:24 Bow Saw
33:37 Hand Cart
33:10 Town Watch
34:51 Town Patrol
42:35 Imperial Age
44:31 Elite Jomsviking
44:33 Northmen's Fury
45:21 Horse Collar
45:36 Gold Mining
45:37 Stone Mining
46:21 Fletching
46:31 Padded Archer Armor
46:47 Chain Mail Armor
46:42 Forging
46:38 Scale Barding Armor
46:20 Arson
46:21 Gambesons
47:02 Heavy Plow
48:52 Conscription
49:34 Siege Engineers
49:25 Murder Holes
49:41 Clinker Construction
49:31 Murder Holes
51:41 Gold Shaft Mining
51:41 Stone Shaft Mining
50:29 Hamask
51:45 Hoardings
51:37 Bodkin Arrow
52:12 Masonry
52:24 Ballistics
53:06 Chemistry
53:14 Bracer
53:53 Plate Mail Armor
53:58 Iron Casting
53:40 Leather Archer Armor
53:46 Chain Barding Armor
55:42 Onager
57:38 Blast Furnace
56:20 Elite Varangian Guard
60:39 Plate Barding Armor
60:34 Ring Archer Armor
60:39 Coinage
60:09 Caravan
59:33 Pikeman
59:33 Man-at-Arms
60:11 Heated Shot
60:12 Guard Tower
60:07 Arrowslits
63:34 Spies/Treason
63:46 Siege Onager
64:04 Halberdier
64:04 Long Swordsman
66:49 Keep
66:35 Shipwright
66:25 Clinker Construction
66:26 Careening
68:02 Banking
67:59 Heavy Scorpion
68:00 Capped Ram
70:37 Medium Warships
70:09 Fishing Lines
73:58 Elite Skirmisher
74:44 Thumb Ring
74:36 Siege Ram
74:55 Siege Ram
76:34 Dry Dock
76:34 Carvel Hull
75:44 Crossbowman
75:45 Heavy Mounted Crossbowman
75:46 Cranequins
76:29 Husbandry
76:40 Bloodlines
75:51 Light Cavalry
Connection lost

Rejoining the realm…

Still unreachable

The connection could not be restored.

Session expired

The server has moved on; the page needs a fresh start.